 Dungeon Crawl Stone Soup version 0.27.0-1-g7a089689b8 (webtiles) character file.

Game seed: 17560979539635894958

11 hawla the Sneak (level 2, -1/18 HPs)
             Began as a Deep Elf Delver on Aug 8, 2021.
             Slain by a phantom (6 damage)
             ... on level 3 of the Dungeon.
             The game lasted 00:02:03 (187 turns).

hawla the Sneak (Deep Elf Delver)                    Turns: 187, Time: 00:02:04

Health: -1/18      AC:  3    Str:  9    XL:     2   Next: 17%
Magic:  4/4        EV: 12    Int: 14    God:
Gold:   0          SH:  0    Dex: 16    Spells: 1/1 levels left

rFire    . . .     SeeInvis .   a - +0 short sword
rCold    . . .     Faith    .   (no shield)
rNeg     . . .     Spirit   .   b - +0 leather armour
rPois    .         Reflect  .   (no helmet)
rElec    .         Harm     .   (no cloak)
rCorr    .         Rampage  .   (no gloves)
Will     .....                  (no boots)
Stlth    +.........             (no amulet)
HPRegen  0.06/turn              (no ring)
MPRegen  0.09/turn              (no ring)

@: confused, ambrosia-drunk
A: no striking features
a: no special abilities


You were on level 3 of the Dungeon.
You visited 1 branch of the dungeon, and saw 3 of its levels.

Inventory:

Hand Weapons
 a - a +0 short sword (weapon)
Armour
 b - a +0 leather armour (worn)
Wands
 g - a wand of digging (3)
Potions
 f - a potion of haste


   Skills:
 + Level 2.5 Fighting
 + Level 2.0 Short Blades
 + Level 2.5 Dodging
 + Level 6.5 Stealth


You had one spell level left.
You didn't know any spells.
Your spell library was empty.

Dungeon Overview and Level Annotations

Branches:
Dungeon (5/15)
 Temple: D:4-7

Altars:

Portals:
Sewer: D:3

Annotations:
D:5 Sigmund


Message History

A phantom comes into view.
You hit the hobgoblin but do no damage.
The hobgoblin hits you but does no damage.
You barely miss the hobgoblin. The hobgoblin barely misses you.
You closely miss the hobgoblin.
The frilled lizard bites you but does no damage.
The hobgoblin hits you.
You barely miss the hobgoblin. The frilled lizard misses you.
The hobgoblin hits you.
As you read the scroll of fear, it crumbles to dust.
You assume a fearsome visage.
The hobgoblin looks frightened!
The frilled lizard looks frightened!
The phantom is unaffected.
The phantom hits you.
The phantom blinks!
You blink.
A kobold comes into view. It is wielding a +0 dagger.
You hear the slow rusting of a drain nearby.
Found a glowing drain.
A worm comes into view.
You enter the shallow water.
Moving in this stuff is going to be slow.
A worm comes into view.
The phantom hits you.
* * * LOW HITPOINT WARNING * * *
The phantom blinks!
You blink.
As you read the scroll of fog, it crumbles to dust.
The scroll dissolves into smoke.
The phantom hits you.
* * * LOW HITPOINT WARNING * * *
The phantom blinks!
You blink.
You hit the phantom.
The phantom is lightly damaged.
The phantom barely misses you.
You hit the phantom.
The phantom is lightly damaged.
The phantom hits you but does no damage.
You closely miss the phantom.
The phantom is lightly damaged.
The phantom hits you but does no damage.
It was a potion of ambrosia.
You are confused.
You feel invigorated. The phantom hits you.
You die...

###≈≈#####.≈.# #...≈≈≈≈≈w≈..#
#....§≈≈≈≈≈≈w# ##...####∩≈≈##
#......##≈≈# ##** #####
##..§....#≈≈* ...* #####...#
#..##....#≈≈*
.K.###...#...######.####...#≈≈***
................@...# *#....≈≈**
..........).....W#### *.....≈**
.................# *.....#**
*#####...........# *###..#
######...#.......# ****
.................#
.!............####
...............# .......?.......#


You could see a phantom.

Vanquished Creatures
  A howler monkey skeleton (D:3)
  An orc (D:4)
2 creatures vanquished.

Notes
Turn   | Place    | Note
-------+----------+-------------------------------------------
     0 | D:5      | hawla the Deep Elf Delver began the quest for the Orb.
     0 | D:5      | Reached XP level 1. HP: 13/13 MP: 3/3
    17 | D:5      | Noticed Sigmund
   135 | D:3      | Reached XP level 2. HP: 14/18 MP: 4/4
   155 | D:3      | Noticed a phantom
   177 | D:3      | Found a glowing drain.
   187 | D:3      | Slain by a phantom

Illustrated notes

Levels and vault maps discovered:
D:3:      layout_basic, cheibrodos_sewer_entry_bend, solitary_fountain
D:4:      corexii_shantytown, layout_cave_pods
D:5:      layout_cave_pools, kennysheep_diamond, chequers_serial_rivers_room_a,
          uniq_menkaure, uniq_blork_the_orc, uniq_sigmund

Action                   || total
-------------------------++-------
Melee: Short sword       ||    31
  Use: Scroll            ||     3
       Potion            ||     1
Armor: Leather armour    ||     8
Dodge: Dodged            ||    16
